 Dungeon Crawl Stone Soup version 0.32-a0-918-g0f22ef8d61 (webtiles) character file.

Game seed: 1798212741789421690

23 Biggs the Ruffian (level 2, 0/29 HPs)
             Began as a Troll Fighter on Apr 10, 2024.
             Succumbed to Jessica's poison
             ... on level 2 of the Dungeon.
             The game lasted 00:02:14 (329 turns).

Biggs the Ruffian (Troll Fighter)                    Turns: 329, Time: 00:02:14

Health: 0/29       AC:  4    Str: 23    XL:     2   Next: 75%
Magic:  1/1        EV:  7    Int:  4    God:
Gold:   80         SH:  7    Dex:  9    Spells: 1/1 levels left

rFire   . .          .
                       - Unarmed
rCold   . . .        b - +0 kite shield
rNeg    . . .        a - +0 robe
rPois   .            (helmet restricted)
rElec   .            (no cloak)
rCorr   .            (gloves unavailable)
SInv    .            (boots unavailable)
Will    .....        (no amulet)
Stlth   +            (no ring)
HPRegen 1.04/turn    (no ring)
MPRegen 0.07/turn

%: no passive effects
@: lethally poisoned (0 -> -16)
A: large, unfitting armour, claws 3, regeneration 1, shaggy fur 1, tough skin 1
a: no special abilities


You were on level 2 of the Dungeon.
You visited 1 branch of the dungeon, and saw 2 of its levels.

You collected 80 gold pieces.

Inventory:

Armour
 a - a +0 robe (worn)
 b - a +0 kite shield (worn)
Scrolls
 d - a scroll of identify {unknown}
 e - a scroll of vulnerability {unknown}
Potions
 c - 2 potions of might


   Skills:
 - Level 2.4 Fighting
 - Level 2.4 Dodging
 - Level 2.6 Shields
 + Level 3.3 Unarmed Combat


You had one spell level left.
You didn't know any spells.
Your spell library was empty.

Dungeon Overview and Level Annotations

Branches:
Dungeon (2/15)

Altars:

Shops:
D:1 =

Annotations:
D:2 Jessica


Innate Abilities, Weirdness & Mutations

You are too large for most types of armour.
You have claws for hands.
Your natural rate of healing is unusually fast.
You are covered in fur. (AC +1)
You have tough skin. (AC +1)


Message History

Found a stone staircase leading down.
The endoplasm quivers.
Found 5 stones.
There is a stone staircase leading down here.
The endoplasm hits you but does no damage.
You claw the endoplasm!
You kill the endoplasm!
There is a stone staircase leading down here.
You can't go up here!
You climb downwards.
Found a leather armour and 8 gold pieces.
There is a stone staircase leading up here.
You now have 80 gold pieces (gained 8).
There is a stone staircase leading up here.
Found a scale mail.
Jessica the Apprentice Sorceress comes into view.
She is wielding a +1 dagger of venom.
Jessica shouts!
Jessica gestures wildly while chanting.
Jessica blinks!
Jessica hits you with a +1 dagger of venom.
You are poisoned.
You closely miss Jessica.
You feel sick. You block Jessica's attack.
You claw Jessica!
Jessica is almost dead.
You feel sick.
Jessica hits you with a +1 dagger of venom.
You are more poisoned.
You scratch Jessica but do no damage.
Jessica is almost dead.
You feel very sick.
Jessica hits you with a +1 dagger of venom.
You are lethally poisoned!
You scratch Jessica but do no damage.
Jessica is almost dead.
* * * LOW HITPOINT WARNING * * *
You feel extremely sick.
Jessica gestures wildly while chanting.
Jessica seems to speed up.
It was a potion of cancellation.
You feel magically purged.
You die...

######.#
#......#
#....###
#..#.#
#..#.#
#....#
#..###
#.#######.#
#.....@@..#
###########


You could see Jessica (fast).

Vanquished Creatures
  A dart slug (D:1)
  A ball python (D:1)
  2 endoplasms (D:1)
  2 goblins (D:1)
  2 hobgoblins (D:1)
  2 quokkas (D:1)
  A bat (D:1)
  7 kobolds (D:1)
  A rat (D:1)
19 creatures vanquished.

Notes
Turn   | Place    | Note
-------+----------+-------------------------------------------
     0 | D:1      | Biggs the Troll Fighter began the quest for the Orb.
     0 | D:1      | Reached XP level 1. HP: 22/22 MP: 0/0
    21 | D:1      | Found Secuk's Jewellery Boutique.
   111 | D:1      | Reached XP level 2. HP: 27/29 MP: 1/1
   148 | D:1      | Reached skill level 3 in Unarmed Combat
   323 | D:2      | Noticed Jessica
   329 | D:2      | Succumbed to Jessica's poison

Illustrated notes

Levels and vault maps discovered:
D:1:      ebering_trefoil_3fold, layout_rooms, serial_shops, shop
D:2:      layout_basic, uniq_robin, uniq_jessica

Skill      XL: |  1  2 |
---------------+-------+-----
Unarmed Combat | 3 |  3.3
Fighting       | |  2.4
Dodging        | |  2.4
Shields        | |  2.6

Action                     || total
---------------------------++-------
  Melee: Unarmed           ||    39
    Use: Potion            ||     1
 Armour: Robe              ||    20
  Dodge: Dodged            ||    10
  Block: Kite shield       ||    14

Table legend: (Time is in decaauts)
 A = Elapsed time spent in this place.
 B = Non-inter-level travel time spent in this place.
 C = Inter-level travel time spent in this place.
 D = Time resting spent in this place.
 E = Time spent auto-exploring this place.
 F = Levels seen in this place.
 G = Mean time per level.
                   A        B        C        D        E       F      G
               +--------+--------+--------+--------+--------+-----+--------+
         Total |    331 |    331 |      0 |      0 |      0 |   2 |  165.5 |
       Dungeon |    331 |    331 |      0 |      0 |      0 |   2 |  165.5 |
               +--------+--------+--------+--------+--------+-----+--------+

Top non-repeatable levels by time:
     D:1: 306 daAuts
     D:2: 24 daAuts
